 Dungeon Crawl Stone Soup version 0.31.0-11-ge490571c62 (webtiles) character file.

Game seed: 3894176233200828198

4 SmokeWeed the Sneak (level 1, -3/14 HPs)
             Began as a Minotaur Enchanter on Feb 4, 2024.
             Slain by a hobgoblin (4 damage)
             ... on level 1 of the Dungeon.
             The game lasted 00:00:19 (30 turns).

SmokeWeed the Sneak (Minotaur Enchanter)              Turns: 30, Time: 00:00:20

Health: -3/14      AC:  2    Str: 12    XL:     1   Next: 50%
Magic:  1/1        EV: 12    Int: 12    God:
Gold:   0          SH:  0    Dex: 10    Spells: 2/2 levels left

rFire   . . .        a - +1 dagger
rCold   . . .        (no shield)
rNeg    . . .        b - +0 robe
rPois   .            (helmet restricted)
rElec   .            (no cloak)
rCorr   .            (no gloves)
SInv    .            (no boots)
Will    .....        (no amulet)
Stlth   ++           (no ring)
HPRegen 0.22/turn    (no ring)
MPRegen 0.07/turn

%: no passive effects
@: no status effects
A: horns 2, retaliatory headbutt
a: no special abilities


You were on level 1 of the Dungeon.
You visited 1 branch of the dungeon, and saw 1 of its levels.

Inventory:

Hand Weapons
 a - a +1 dagger (weapon)
 d - a +0 war axe
Armour
 b - a +0 robe (worn)
Potions
 c - 2 potions of invisibility


   Skills:
 - Level 1.1 Short Blades
 + Level 1.0 Axes
 - Level 2.1 Dodging
 - Level 2.4 Stealth
 - Level 1.3 Spellcasting
 - Level 2.0 Hexes


You had 2 spell levels left.
You didn't know any spells.
Your spell library contained the following spells:

 Spells                   Type           Power      Damage    Failure   Level
 Ensorcelled Hibernation  Hex/Ice        6%         N/A       28%         2
 Confusing Touch          Hex            5%         N/A       36%         3
 Tukima's Dance           Hex            5%         N/A       36%         3
 Dazzling Flash           Conj/Hex       6%         N/A       50%         3


Dungeon Overview and Level Annotations

Branches:
Dungeon (1/15)

Altars:


Innate Abilities, Weirdness & Mutations

You have a pair of horns on your head.
You reflexively headbutt those who attack you in melee.


Message History

The goblin shouts!
The hobgoblin shouts!
You hear a shout! x2
The kobold shouts!
You hear an angry hiss.
Found a war axe.
The hobgoblin shouts!
A kobold comes into view. It is wielding a +0 club.
You hear a shout!
A goblin comes into view. It is wielding a +0 club.
The kobold misses you.
A hobgoblin comes into view.
The kobold throws a stone.
The stone barely misses you.
The hobgoblin attacks as it pursues you!
The hobgoblin misses you.
The hobgoblin attacks as it pursues you!
The hobgoblin misses you.
You see here a +0 war axe.
d - a +0 war axe You hit the hobgoblin.
You headbutt the hobgoblin.
You kill the hobgoblin!
The kobold throws a stone.
The stone closely misses you.
You closely miss the hobgoblin. The hobgoblin barely misses you.
You barely miss the hobgoblin. Your headbutt misses the hobgoblin.
The hobgoblin hits you but does no damage.
You closely miss the hobgoblin. The hobgoblin closely misses you.
You hit the hobgoblin but do no damage.
You headbutt the hobgoblin, but do no damage.
The goblin barely misses you. You furiously retaliate!
You headbutt the goblin!
You kill the goblin!
The kobold hits you with a +0 club. The hobgoblin hits you.
Your Axes skill increases to level 1!
You see here a hobgoblin corpse.
You hit the kobold but do no damage. The goblin barely misses you.
The kobold hits you with a +0 club.
* * * LOW HITPOINT WARNING * * *
The hobgoblin hits you.
* * * LOW HITPOINT WARNING * * *
You closely miss the kobold. The goblin barely misses you.
You furiously retaliate!
You headbutt the goblin.
You kill the goblin!
The kobold barely misses you. The hobgoblin hits you.
You die...

.. .. #. ..# #. g...
#. #. ##..#.. # #.
#.## .#....
#.##.##.g### .g..#
#..... #.@K##....#
#..##.####g....#
##.........K...##
#........#.....#
#......#...##....#
#..#..##......#
#+###'##.......!.#
#####.....#####......#
#...#.....#...#......#


You could see 2 hobgoblins and 2 kobolds.

Vanquished Creatures
  An endoplasm (D:1)
  2 goblins (D:1)
  A hobgoblin (D:1)
4 creatures vanquished.

Notes
Turn   | Place    | Note
-------+----------+-------------------------------------------
     0 | D:1      | SmokeWeed the Minotaur Enchanter began the quest for the
                  | Orb.
     0 | D:1      | Reached XP level 1. HP: 14/14 MP: 1/1
    29 | D:1      | Reached skill level 1 in Axes
    30 | D:1      | Slain by a hobgoblin

Illustrated notes

Levels and vault maps discovered:
D:1:      minmay_arrival_stair_chambers, layout_rooms, minmay_pentomino_v4

Skill      XL: |  1 |
---------------+----+-----
Axes           | 1 |  1.0
Short Blades   | |  1.1
Dodging        | |  2.1
Stealth        | |  2.4
Spellcasting   | |  1.3
Hexes          | |  2.0

Action                     || total
---------------------------++-------
  Melee: Dagger            ||     8
         Headbutt          ||     2
 Armour: Robe              ||     6
  Dodge: Dodged            ||    12
